 Dungeon Crawl Stone Soup version 0.28-a0-565-g7719699fd9 (webtiles) character file.

Game seed: 8060990655856445401

329 IndexError the Chiller (level 6, -4/44 HPs)
             Began as a Gnoll Ice Elementalist on Oct 1, 2021.
             Slain by a phantom (7 damage)
             ... on level 4 of the Dungeon.
             The game lasted 00:08:05 (3797 turns).

IndexError the Chiller (Gnoll Ice Elementalist)     Turns: 3797, Time: 00:08:06

Health: -4/44      AC:  2    Str:  7    XL:     6   Next: 51%
Magic:  13/23      EV: 13    Int: 17    God:
Gold:   186        SH:  0    Dex: 12    Spells: 6/15 levels left

rFire   . . .      SeeInvis +   c - +0 dagger
rCold   . . .      Faith    .   (no shield)
rNeg    . . .      Spirit   .   a - +0 robe
rPois   .          Reflect  .   (no helmet)
rElec   .          Harm     .   (no cloak)
rCorr   .          Rampage  .   (no gloves)
Will    .....                   (no boots)
Stlth   +++.......              (no amulet)
HPRegen 0.14/turn               g - ring of magical power {MP+9}
MPRegen 0.18/turn               o - ring of see invisible {sInv, !d}

@: studying Unarmed Combat
A: fangs 1, strong nose, distributed training
a: no special abilities


You were on level 4 of the Dungeon.
You visited 1 branch of the dungeon, and saw 4 of its levels.

You collected 186 gold pieces.

Inventory:

Hand Weapons
 c - a +0 dagger (weapon)
   (You took it off a goblin on level 1 of the Dungeon)
Missiles
 b - 2 boomerangs (quivered)
 n - 2 throwing nets {=f, !d}
Armour
 a - a +0 robe (worn)
 e - a +0 pair of boots
   (You found it on level 1 of the Dungeon)
Jewellery
 g - a ring of magical power (left hand) {MP+9}
   (You found it on level 2 of the Dungeon)
 o - a ring of see invisible (right hand) {sInv, !d}
   (You took it off a kobold on level 3 of the Dungeon)
 s - a ring of wizardry {Wiz+, !d}
   (You found it on level 4 of the Dungeon)
Wands
 r - a wand of polymorph (7)
   (You found it on level 4 of the Dungeon)
Scrolls
 d - a scroll of immolation {unknown}
 f - a scroll of fog {unknown}
 h - 4 scrolls of identify {unknown}
 i - 2 scrolls of enchant weapon {unknown}
 k - a scroll of enchant armour {unknown}
 m - a scroll of noise {unknown}
 p - a scroll of teleportation {unknown}
 q - a scroll of blinking {unknown}
Potions
 j - a potion of brilliance {unknown}
 l - a potion of heal wounds {unknown}


   Skills:
 + Level 2.0 Fighting
 + Level 2.0 Short Blades
 + Level 2.0 Long Blades
 + Level 2.0 Axes
 + Level 2.0 Maces & Flails
 + Level 2.0 Polearms
 + Level 2.0 Staves
 + Level 2.0 Slings
 + Level 2.0 Bows
 + Level 2.0 Crossbows
 + Level 2.0 Throwing
 + Level 2.0 Armour
 + Level 5.0 Dodging
 + Level 4.6 Stealth
 + Level 2.0 Shields
 + Level 2.3 Unarmed Combat
 + Level 5.4 Spellcasting
 + Level 1.5 Conjurations
 + Level 1.5 Hexes
 + Level 1.5 Summonings
 + Level 1.5 Necromancy
 + Level 1.5 Translocations
 + Level 1.5 Transmutations
 + Level 1.5 Fire Magic
 + Level 7.3 Ice Magic
 + Level 1.5 Air Magic
 + Level 1.5 Earth Magic
 + Level 1.5 Poison Magic
 + Level 2.2 Invocations
 + Level 2.0 Evocations


You had 6 spell levels left.
You knew the following spells:

 Your Spells              Type           Power      Damage    Failure   Level
a - Freeze                Ice            100%       1d11      1%          1
b - Frozen Ramparts       Ice            58%        1d7       1%          3
c - Blink                 Tloc           N/A        N/A       11%         2
A - Ozocubu's Armour      Ice            29%        N/A       1%          3

Your spell library contained the following spells:

 Spells                   Type           Power      Damage    Failure   Level
 Pain                     Necr           36%        1d5       7%          1
 Lesser Beckoning         Tloc           9%         N/A       22%         3
 Hailstorm                Conj/Ice       19%        3d6       22%         4
 Agony                    Necr           9%         N/A       89%         5
 Excruciating Wounds      Necr           4%         N/A       89%         5
 Manifold Assault         Tloc           9%         N/A       89%         5


Dungeon Overview and Level Annotations

Branches:
Dungeon (4/15)
 Temple: D:4-7

Altars:
Elyvilon
Fedhas
Vehumet
Zin

Shops:
D:3 [   D:4 *


Innate Abilities, Weirdness & Mutations

You have very sharp teeth.
Your uncanny sense of smell can sniff out nearby items.
Your experience applies equally to all skills.


Message History

You take 5 damage, and have 35/44 hp.
Casting: Frozen Ramparts (safe; 1% risk of failure)
Confirm with . or Enter, or press ? or * to list all spells.
Aiming: Freeze (safe; 1% risk of failure)
Press: ? - help, Shift-Dir - straight line, f - phantom
Aim: a phantom (lightly damaged)
You freeze the phantom.
The phantom resists.
The wall freezes the orc!
The phantom completely resists.
The wall freezes the phantom but does no damage.
The phantom misses you.
Casting: Freeze (safe; 1% risk of failure)
Confirm with . or Enter, or press ? or * to list all spells.
Aiming: Freeze (safe; 1% risk of failure)
Press: ? - help, Shift-Dir - straight line, f/p - phantom
Aim: a phantom (lightly damaged)
You freeze the phantom but do no damage.
The phantom completely resists. x2
The wall freezes the phantom but does no damage.
The phantom hits you!
You take 9 damage, and have 26/44 hp.
MASSIVE DAMAGE!!
You now have 16/23 mp.
Casting: Freeze (safe; 1% risk of failure)
Confirm with . or Enter, or press ? or * to list all spells.
Aiming: Freeze (safe; 1% risk of failure)
Press: ? - help, Shift-Dir - straight line, f/p - phantom
Aim: a phantom (lightly damaged)
You freeze the phantom.
The phantom resists.
The phantom completely resists.
The wall freezes the phantom but does no damage.
The phantom hits you.
You take 4 damage, and have 22/44 hp.
You now have 15/23 mp.
Casting: Freeze (safe; 1% risk of failure)
Confirm with . or Enter, or press ? or * to list all spells.
Aiming: Freeze (safe; 1% risk of failure)
Press: ? - help, Shift-Dir - straight line, f/p - phantom
Aim: a phantom (moderately damaged)
You freeze the phantom.
The phantom resists.
The phantom completely resists.
The wall freezes the phantom but does no damage.
The phantom closely misses you.
Your magical contamination has completely faded away.
You now have 14/23 mp.
Casting: Freeze (safe; 1% risk of failure)
Confirm with . or Enter, or press ? or * to list all spells.
Aiming: Freeze (safe; 1% risk of failure)
Press: ? - help, Shift-Dir - straight line, f/p - phantom
Aim: a phantom (moderately damaged)
You freeze the phantom.
The phantom resists.
The phantom completely resists.
The wall freezes the phantom but does no damage.
The phantom misses you.
You now have 13/23 mp.
Aiming: Polymorph
Press: ? - help, Shift-Dir - straight line, f/p - phantom
Aim: a phantom (moderately damaged, not susceptible)
Okay, then.
You are too injured to fight recklessly!
Casting: Freeze (safe; 1% risk of failure)
Confirm with . or Enter, or press ? or * to list all spells.
Aiming: Freeze (safe; 1% risk of failure)
Press: ? - help, Shift-Dir - straight line, f/p - phantom
Aim: a phantom (moderately damaged)
You freeze the phantom.
The phantom resists.
The frozen ramparts melt away.
The phantom closely misses you.
You now have 12/23 mp.
Casting: Freeze (safe; 1% risk of failure)
Confirm with . or Enter, or press ? or * to list all spells.
Aiming: Freeze (safe; 1% risk of failure)
Press: ? - help, Shift-Dir - straight line, f/p - phantom
Aim: a phantom (moderately damaged)
You freeze the phantom but do no damage.
The phantom completely resists.
The phantom barely misses you.
Casting: Freeze (safe; 1% risk of failure)
Confirm with . or Enter, or press ? or * to list all spells.
A film of ice covers your body!
The phantom hits you but does no damage.
You now have 9/23 mp.
You hit the phantom.
The phantom hits you but does no damage.
You barely miss the phantom. Your bite misses the phantom.
The phantom hits you but does no damage.
You closely miss the phantom. The phantom hits you.
You take 1 damage, and have 22/44 hp.
You barely miss the phantom.
The phantom hits you but does no damage.
You closely miss the phantom. You completely miss the phantom.
You bite the phantom, but do no damage. The phantom hits you.
The phantom blinks!
You blink.
Your icy armour cracks and falls away as you move.
You take 5 damage, and have 18/44 hp.
The phantom hits you.
The phantom blinks!
You blink.
You take 2 damage, and have 16/44 hp.
The phantom hits you!
* * * LOW HITPOINT WARNING * * *
The phantom blinks!
You blink.
You take 7 damage, and have 9/44 hp.
There is an open door here.
There is an open door here.
The phantom hits you!
* * * LOW HITPOINT WARNING * * *
The phantom blinks!
You blink.
You take 7 damage, and have 3/44 hp.
The phantom hits you!
You die...

#.....###'##...........#
#.....#....#...........#
#.....#..ยง.#...........#
#.....#....#...........#
#.....#...[#..)........#
#.....#....#..)..?.....#
#.....#....#...........#
#.....#....#...........#
#######.....#..@W#...........#
#.....#.....#....#...........#
#.....#.....#....#...........###
#.....'.....'....#..............
#.....#.....#....#..............
#.....#.....######..............
#.....#.........................
#.....#.........................
#.....#.........................


You could see a phantom.

Vanquished Creatures
  An ogre (D:4)
  A howler monkey (D:4)
  A hound skeleton (D:4)
  6 gnolls (D:3)
  4 adders
  An adder skeleton (D:4)
  3 worms (D:2)
  4 dart slugs
  3 orcs
  10 endoplasms
  6 giant cockroaches
  7 goblins
  7 hobgoblins
  3 jackals (D:1)
  4 quokkas
  6 ball pythons
  4 bats
  3 frilled lizards
  4 kobolds
  7 rats
85 creatures vanquished.

Notes
Turn   | Place    | Note
-------+----------+-------------------------------------------
     0 | D:1      | IndexError the Gnoll Ice Elementalist began the quest for
                  | the Orb.
     0 | D:1      | Reached XP level 1. HP: 13/13 MP: 6/6
    94 | D:1      | Reached XP level 2. HP: 19/19 MP: 3/7
   254 | D:1      | Found a faded altar of an unknown god.
   487 | D:1      | Reached XP level 3. HP: 24/25 MP: 1/9
   491 | D:1      | Learned a level 3 spell: Frozen Ramparts
   495 | D:1      | Learned a level 3 spell: Ozocubu's Armour
   574 | D:1      | Reached skill level 5 in Spellcasting
   876 | D:2      | Reached skill level 1 in Invocations
  1333 | D:2      | Reached skill level 1 in Fighting
  1333 | D:2      | Reached skill level 1 in Short Blades
  1333 | D:2      | Reached skill level 1 in Long Blades
  1333 | D:2      | Reached skill level 1 in Axes
  1333 | D:2      | Reached skill level 1 in Maces & Flails
  1333 | D:2      | Reached skill level 1 in Polearms
  1333 | D:2      | Reached skill level 1 in Staves
  1333 | D:2      | Reached skill level 1 in Slings
  1333 | D:2      | Reached skill level 1 in Bows
  1333 | D:2      | Reached skill level 1 in Crossbows
  1333 | D:2      | Reached skill level 1 in Throwing
  1333 | D:2      | Reached skill level 1 in Armour
  1333 | D:2      | Reached skill level 1 in Shields
  1333 | D:2      | Reached skill level 1 in Unarmed Combat
  1333 | D:2      | Reached skill level 1 in Evocations
  1521 | D:2      | Reached XP level 4. HP: 24/32 MP: 11/11
  2155 | D:3      | Reached skill level 1 in Conjurations
  2155 | D:3      | Reached skill level 1 in Hexes
  2155 | D:3      | Reached skill level 1 in Summonings
  2155 | D:3      | Reached skill level 1 in Necromancy
  2155 | D:3      | Reached skill level 1 in Translocations
  2155 | D:3      | Reached skill level 1 in Transmutations
  2155 | D:3      | Reached skill level 1 in Fire Magic
  2155 | D:3      | Reached skill level 1 in Air Magic
  2155 | D:3      | Reached skill level 1 in Earth Magic
  2155 | D:3      | Reached skill level 1 in Poison Magic
  2282 | D:3      | Found a radiant altar of Vehumet.
  2434 | D:3      | Found Zeysofe's Antique Armour Emporium.
  2454 | D:3      | Reached XP level 5. HP: 37/37 MP: 12/12
  2760 | D:3      | Found a blossoming altar of Fedhas.
  3270 | D:4      | Found a glowing silver altar of Zin.
  3272 | D:4      | Found a white marble altar of Elyvilon.
  3371 | D:4      | Reached skill level 2 in Invocations
  3371 | D:4      | Reached XP level 6. HP: 44/44 MP: 13/13
  3449 | D:4      | Learned a level 2 spell: Blink
  3461 | D:4      | Found Hiptiw's Assorted Antiques.
  3464 | D:4      | Reached skill level 2 in Unarmed Combat
  3513 | D:4      | Reached skill level 2 in Fighting
  3513 | D:4      | Reached skill level 2 in Short Blades
  3513 | D:4      | Reached skill level 2 in Long Blades
  3513 | D:4      | Reached skill level 2 in Axes
  3513 | D:4      | Reached skill level 2 in Maces & Flails
  3513 | D:4      | Reached skill level 2 in Polearms
  3513 | D:4      | Reached skill level 2 in Staves
  3513 | D:4      | Reached skill level 2 in Slings
  3513 | D:4      | Reached skill level 2 in Bows
  3513 | D:4      | Reached skill level 2 in Crossbows
  3513 | D:4      | Reached skill level 2 in Throwing
  3513 | D:4      | Reached skill level 2 in Armour
  3513 | D:4      | Reached skill level 5 in Dodging
  3513 | D:4      | Reached skill level 2 in Shields
  3513 | D:4      | Reached skill level 2 in Evocations
  3784 | D:4      | HP: 9/44 [phantom (8)]
  3796 | D:4      | HP: 3/44 [phantom (7)]
  3797 | D:4      | Slain by a phantom

Illustrated notes

Levels and vault maps discovered:
D:1:      lemuel_arrival_cross, layout_basic, ebering_ecumenical_altar_hall
D:2:      layout_loops_cross
D:3:      layout_loops_cross, mainiacjoe_overflow_brackets, marbit_many_paths,
          serial_shops, nicolae_diamond_shop
D:4:      layout_gridville, kennysheep_mini_moat,
          chequers_temple_overflow_statue_of_worship, serial_shops, shop_statue,
          minmay_manual_moon

Skill      XL: |  1  2  3  4  5  6 |
---------------+-------------------+-----
Spellcasting   | 5 |  5.4
Invocations    | 1 2 |  2.2
Fighting       | 1 2 |  2.0
Short Blades   | 1 2 |  2.0
Long Blades    | 1 2 |  2.0
Axes           | 1 2 |  2.0
Maces & Flails | 1 2 |  2.0
Polearms       | 1 2 |  2.0
Staves         | 1 2 |  2.0
Slings         | 1 2 |  2.0
Bows           | 1 2 |  2.0
Crossbows      | 1 2 |  2.0
Throwing       | 1 2 |  2.0
Armour         | 1 2 |  2.0
Shields        | 1 2 |  2.0
Unarmed Combat | 1 2 |  2.3
Evocations     | 1 2 |  2.0
Conjurations   | 1 |  1.5
Hexes          | 1 |  1.5
Summonings     | 1 |  1.5
Necromancy     | 1 |  1.5
Translocations | 1 |  1.5
Transmutations | 1 |  1.5
Fire Magic     | 1 |  1.5
Air Magic      | 1 |  1.5
Earth Magic    | 1 |  1.5
Poison Magic   | 1 |  1.5
Dodging        | 5 |  5.0
Stealth        | |  4.6
Ice Magic      | |  7.3

Action                   |  1- 3 |  4- 6 || total
-------------------------+-------+-------++-------
Melee: Dagger            |    17 |    60 ||    77
       Bite              |       |     7 ||     7
Throw: Boomerang         |       |     5 ||     5
 Cast: Freeze            |    43 |    43 ||    86
       Frozen Ramparts   |     1 |     8 ||     9
       Ozocubu's Armour  |     1 |     5 ||     6
 Stab: Sleeping          |     7 |     5 ||    12
Armor: Robe              |     1 |    24 ||    25
Dodge: Dodged            |    22 |    56 ||    78

Table legend: (Time is in decaauts)
 A = Elapsed time spent in this place.
 B = Non-inter-level travel time spent in this place.
 C = Inter-level travel time spent in this place.
 D = Time resting spent in this place.
 E = Time spent auto-exploring this place.
 F = Levels seen in this place.
 G = Mean time per level.
                   A        B        C        D        E       F      G
               +--------+--------+--------+--------+--------+-----+--------+
         Total |   3796 |   3493 |    303 |      0 |   2850 |   4 |  949.0 |
       Dungeon |   3796 |   3493 |    303 |      0 |   2850 |   4 |  949.0 |
               +--------+--------+--------+--------+--------+-----+--------+

Top non-repeatable levels by time:
     D:3: 1007 daAuts
     D:1: 974 daAuts
     D:2: 947 daAuts
     D:4: 867 daAuts

Table legend:
 A = Kills in this place as a percentage of kills in entire the game.
 B = Kills by you in this place as a percentage of kills by you in the entire game.
 C = Kills by friends in this place as a percentage of kills by friends in the entire game.
 D = Other kills in this place as a percentage of other kills in the entire game.
 E = Experience gained in this place as a percentage of experience gained in the entire game.
 F = Experience gained in this place divided by the number of levels of this place that you have seen.
                   A       B       C       D       E      F
               +-------+-------+-------+-------+-------+----------------------
         Total | 100.0 | 100.0 |   N/A |   N/A | 100.0 | 117.8
       Dungeon | 100.0 | 100.0 |   N/A |   N/A | 100.0 | 117.8
               +-------+-------+-------+-------+-------+----------------------
